 Dungeon Crawl Stone Soup version 0.27-a0-1555-g0e7b3fb1d2 (console) character file.

Game seed: 13752891247499882365

161606 jejorda2 the Phalangite (level 17, -27/139 HPs)
             Began as a Merfolk Berserker on July 13, 2021.
             Was a High Priest of Trog.
             Killed from afar by Nikola (58 damage)
             ... with an arc of chain lightning
             ... on level 1 of the Shoals on July 14, 2021.
             The game lasted 01:13:15 (39359 turns).

jejorda2 the Phalangite (Merfolk Berserker)        Turns: 39359, Time: 01:13:17

Health: -27/139    AC: 29    Str: 31    XL:     17   Next: 79%
Magic:  17/17      EV: 12    Int:  6    God:    Trog [*****.]
Gold:   2377       SH:  0    Dex: 14    Spells: 16/16 levels left

rFire    . . .     SeeInvis .   b - +3 glaive {vorpal, rElec Str+2}
rCold    . . .     Faith    +   (shield currently unavailable)
rNeg     + + +     Spirit   .   i - +3 plate armour of Free Will {rN+}
rPois    +         Reflect  .   P - +2 helmet
rElec    +         Harm     .   B - +2 ratskin cloak {*Rats rPois rN+ Str-1 Int-1 Dex+1}
rCorr    .         Rampage  .   E - +2 pair of gloves
Will     +++..                  (no boots)
Stlth    ..........             g - amulet of faith
HPRegen  1.33/turn              U - ring of positive energy
MPRegen  0.15/turn              W - +6 ring of strength

@: strong-willed, on berserk cooldown, regenerating, slowed, very slow
A: (nimble swimmer 2), mertail
a: Renounce Religion, Berserk, Trog's Hand, Brothers in Arms


You were on level 1 of the Shoals.
You worshipped Trog.
Trog was extremely pleased with you.
You visited 5 branches of the dungeon, and saw 27 of its levels.
You also visited: Ice Cave and Volcano.

You collected 4406 gold pieces.
You spent 2029 gold pieces at shops.

Inventory:

Hand Weapons
 a - a +2 bardiche of flaming
 b - the +3 glaive of the Secret Allies (weapon) {vorpal, rElec Str+2}
   (Trog gifted it to you on level 4 of the Lair of Beasts)

   It inflicts extra damage upon your enemies.
   Str:       It affects your strength (+2).
   rElec:     It insulates you from electricity.
 w - a +3 antimagic glaive
Missiles
 c - 35 poisoned darts
 o - 17 boomerangs (quivered)
 v - 7 javelins
 y - a throwing net
 F - 3 atropa-tipped darts
 X - 5 curare-tipped darts
Armour
 i - the +3 plate armour of Free Will (worn) {rN+}
   (You bought it in a shop on level 9 of the Dungeon)

   rN:        It protects you from negative energy.
 B - the +2 ratskin cloak (worn) {*Rats rPois rN+ Str-1 Int-1 Dex+1}
   (You bought it in a shop on level 9 of the Dungeon)

   When the wearer is hurt, rats may emerge from it to assist them.
   Str:       It affects your strength (-1).
   Int:       It affects your intelligence (-1).
   Dex:       It affects your dexterity (+1).
   rPois:     It protects you from poison.
   rN:        It protects you from negative energy.
 E - a +2 pair of gloves (worn)
 P - a +2 helmet (worn)
Jewellery
 g - an amulet of faith (around neck)
 z - a ring of ice
 I - a ring of see invisible
 S - a ring of flight
 U - a ring of positive energy (left hand)
 W - a +6 ring of strength (right hand)
Wands
 d - a wand of mindburst (71)
 j - a wand of digging (10)
 l - a wand of flame (64)
 q - a wand of paralysis (9)
 t - a wand of iceblast (44)
 u - a wand of polymorph (35)
 O - a wand of acid (17)
Scrolls
 h - 6 scrolls of teleportation
 m - 2 scrolls of magic mapping
 p - 3 scrolls of vulnerability
 x - 3 scrolls of fear
 J - a scroll of fog
 N - a scroll of summoning
 R - 2 scrolls of blinking
Potions
 e - 5 potions of flight
 f - 6 potions of heal wounds
 k - 2 potions of might
 n - 4 potions of lignification
 r - 6 potions of mutation
 s - 9 potions of curing
 A - 2 potions of ambrosia
 C - 3 potions of invisibility
 D - 2 potions of cancellation
 G - 2 potions of magic
 H - 3 potions of resistance
 K - 2 potions of attraction
 T - 2 potions of haste
Miscellaneous
 M - a condenser vane
 V - a phial of floods


   Skills:
 - Level 14.0 Fighting
 * Level 24.6 Polearms
 - Level 12.0 Throwing
 - Level 12.0 Armour
 - Level 10.5 Dodging
 - Level 6.0 Evocations


You had 16 spell levels left.
You didn't know any spells.
Your spell library was empty.

Dungeon Overview and Level Annotations

Branches:
Dungeon (15/15)            Temple (0/1) D:4            Lair (6/6) D:10
 Shoals (1/4) Lair:3        Snake (3/4) Lair:3        Slime (0/5) Lair:5
    Orc (2/2) D:10            Elf (0/3) Orc:2        Vaults (0/5) D:14
 Depths (0/5) D:15          IceCv (visited)         Volcano (visited)

Altars:
Dithmenos
Gozag
Hepliaklqana
Kikubaaqudgha
Makhleb
Nemelex Xobeh
Qazlal
Ru
Trog
Uskayaw
Vehumet
Zin
The Shining One
Beogh

Shops:
D:4 *   D:9 [   D:14 !   Orc:2 !?:

Annotations:
Shoals:1 Nikola


Innate Abilities, Weirdness & Mutations

((You are quick and stealthy near water. (Stealth+, EV+, Speed+++)))
Your lower body shifts to a powerful aquatic tail in water.


Message History

You carve Nikola like a ham!!!
Nikola is heavily wounded.
Nikola mumbles some strange words.
Lightning arcs from Nikola's hands!
The bolt of lightning hits you!!! You resist.
A bolt of lightning appears from out of thin air!
The bolt of lightning hits Nikola!
You slice Nikola!!
Nikola is heavily wounded.
Nikola barely misses you.
You slice Nikola!!
Nikola is severely wounded.
Nikola hits you but does no damage.
You slash Nikola!
Nikola is severely wounded.
Nikola barely misses you.
You slash Nikola!
Nikola is almost dead.
Nikola closely misses you.
You slice Nikola!!
Nikola is almost dead.
Nikola gestures wildly while chanting.
Lightning arcs from Nikola's hands!
The bolt of lightning hits you!!! You resist.
* * * LOW HITPOINT WARNING * * *
A bolt of lightning appears from out of thin air!
The bolt of lightning hits Nikola!
Press: ? - help, v - describe, . - travel
Here: Nikola, wielding a +0 rapier of electrocution, wearing a +0 cloak and wearing a +0 pair of gloves (almost dead)
The floor, spattered with blood.
Unknown command.
Unknown command.
You barely miss Nikola.
Nikola is almost dead.
Nikola mumbles some strange words.
Nikola blinks!
Nikola gestures wildly while chanting.
Lightning arcs from Nikola's hands!
The bolt of lightning hits you!!! You resist.
You die...

≈≈≈≈≈≈≈≈≈≈≈≈≈≈≈≈≈≈≈≈≈≈≈≈≈......≈≈
≈≈≈≈≈≈≈≈≈≈≈≈≈≈≈≈≈≈≈≈≈≈≈≈≈.......≈
≈≈≈≈≈≈≈≈≈≈≈≈≈≈≈≈≈≈≈≈≈≈≈≈≈..##)..≈
≈≈≈≈≈≈≈≈≈≈≈≈≈≈.≈≈≈≈≈≈≈≈≈..###..)≈
≈ ≈≈≈≈≈≈.≈≈≈≈≈≈≈≈..###..)) .
≈≈≈≈≈≈@≈≈..............) .
≈≈≈≈≈≈≈...........≈..... ≈
≈≈≈≈........###.≈....... ≈
≈≈≈≈..§@##### #....≈≈≈..
≈≈≈≈≈≈≈≈≈≈≈≈≈...## #...≈≈≈≈..
≈..≈≈≈≈≈≈≈≈≈≈... ##...≈÷...
≈..≈≈≈≈≈≈≈≈≈≈... ####..÷≈.##
...≈≈≈≈≈≈≈≈≈≈≈.. #..≈:..≈≈...#
...≈≈≈≈≈≈≈≈≈≈≈.. ..≈≈.........
#..≈≈≈≈≈≈≈≈≈≈≈.# ..≈.≈≈≈..###.
..≈≈≈≈≈≈≈≈≈≈≈≈. #.≈≈≈≈...# ##
..≈≈)≈≈≈≈≈≈≈≈≈ #..≈≈≈≈...###


You could see Nikola.

Vanquished Creatures
  Jorgrun (D:15)
  An Ice Fiend (IceCv)
  Kirke (Snake:2)
  Donald (Shoals:1)
  A fire giant (D:15)
  5 naga warriors
  8 hydras
  3 ogre magi
  3 catoblepae
  5 boulder beetles
  4 centaur warriors
  8 anacondas
  A deep troll shaman (Lair:6)
  8 death yaks (Lair:6)
  A merfolk avatar (Shoals:1)
  4 tengu warriors
  7 two-headed ogres
  An orc high priest (Orc:2)
  3 shock serpents
  Sonja (Orc:1)
  A deep elf knight (D:14)
  7 naga sharpshooters
  2 salamander mystics (Snake:2)
  A skeletal warrior (D:14)
  3 naga ritualists (Snake:1)
  3 sea snakes (Shoals:1)
  A bog body (IceCv)
  An obsidian statue (IceCv)
  8 harpies (Shoals:1)
  2 lindwurms (Volcano)
  A wizard (D:14)
  2 deep elf pyromancers
  15 ugly things
  9 mana vipers
  3 orc knights
  10 orc sorcerers
  3 oklob plants (Lair:5)
  12 fauns (Shoals:1)
  3 cyclopes (D:14)
  10 salamanders
  4 manticores
  2 water nymphs (Shoals:1)
  Maurice (D:9)
  3 merfolk sirens (Shoals:1)
  4 molten gargoyles (Volcano)
  13 black mambas
  A toenail golem (Volcano)
  13 elephants
  2 guardian serpents
  2 torpor snails
  6 naga magi
  21 cane toads
  2 ice statues (Snake:1)
  2 gargoyles
  Joseph (D:7)
  4 centaur skeletons (D:14)
  5 rime drakes
  A kobold demonologist (D:11)
  4 efreet
  A freezing wraith (IceCv)
  7 ice devils (IceCv)
  9 komodo dragons
  A tengu conjurer (D:12)
  2 golden dragon simulacra (IceCv)
  4 trolls
  6 entropy weaver simulacra (IceCv)
  3 merfolk (Shoals:1)
  An anaconda simulacrum (IceCv)
  A polar bear (Lair:6)
  5 wind drakes (Shoals:1)
  A hornet (D:8)
  2 meliai zombies (D:11)
  A snapping turtle (Shoals:1)
  4 slime creatures (D:15)
  5 dream sheep
  5 large abominations (D:14)
  A centaur simulacrum (D:15)
  4 dire elephant simulacra (IceCv)
  A shadow (D:10)
  7 wyverns
  A spriggan (shapeshifter) (D:15)
  A water elemental (D:15)
  2 wraiths
  5 basilisks
  6 spriggan simulacra (IceCv)
  A hog (Snake:2)
  A basilisk (shapeshifter) (D:13)
  65 yaks
  7 small abominations (D:14)
  4 fire elementals (Volcano)
  The ghost of Spaninq the Poker, an amateur MfWr (D:4)
  3 minotaur simulacra (IceCv)
  A steam dragon (Lair:3)
  4 vampire mosquitoes
  3 harpy simulacra (IceCv)
  Edmund (D:4)
  13 nagas
  2 wargs (D:10)
  An acid dragon (D:12)
  2 hell hounds (Orc:1)
  A hydra simulacrum (IceCv)
  11 water moccasins
  A floating eye (Lair:5)
  2 ettin simulacra (IceCv)
  16 orc warriors
  10 wolves
  A black bear (D:4)
  A necrophage (D:8)
  10 ogres
  8 centaurs
  A kobold brigand (D:7)
  7 bullfrogs
  A scorpion (D:5)
  An earth elemental (Volcano)
  11 deep troll simulacra (IceCv)
  2 gnoll sergeants
  2 wyvern skeletons
  A water moccasin skeleton (D:4)
  A lindwurm simulacrum (IceCv)
  A wight (D:4)
  An electric eel (D:15)
  2 howler monkeys
  3 centaur zombies
  3 hounds
  8 jellies
  2 bullfrog skeletons (D:5)
  14 orc priests
  An iguana (D:4)
  Natasha (thrice) (D:2)
  28 orc wizards
  2 hell rats (Lair:5)
  A hound skeleton (D:4)
  6 adders
  8 gnolls
  2 shadow imps
  A white imp (D:6)
  2 ufetubi
  An adder skeleton (D:4)
  2 worms
  2 dart slugs
  76 orcs
  10 endoplasms
  7 giant cockroaches
  9 hobgoblins
  4 jackals (D:4)
  10 kobolds
  2 quokkas
  6 ball pythons
  4 bats
  5 frilled lizards
  6 goblins
  7 rats
777 creatures vanquished.

Vanquished Creatures (collateral kills)
  Josephine (Lair:6)
  A naga warrior (Snake:1)
  3 anacondas
  A tengu warrior (D:8)
  3 sea snakes (Snake:2)
  A mana viper (Snake:1)
  A salamander (Snake:3)
  2 naga magi
  2 black mambas
  3 wraiths (Lair:6)
  A basilisk (Lair:6)
  2 nagas
  2 orc wizards
  2 hell rats (Lair:5)
  5 orcs
30 creatures vanquished.

Vanquished Creatures (others)
  2 naga warriors (Snake:3)
  2 yaks (Lair:5)
  2 humans (Snake:2)
  2 orc wizards (Orc:2)
  A fire vortex (Volcano)
  19 fungi
  40 plants
68 creatures vanquished.

Grand Total: 875 creatures vanquished

Notes
Turn   | Place    | Note
-------+----------+-------------------------------------------
     0 | D:1      | jejorda2 the Merfolk Berserker began the quest for the Orb.
     0 | D:1      | Reached XP level 1. HP: 18/18 MP: 1/1
   274 | D:1      | Reached XP level 2. HP: 23/24 MP: 2/2
   352 | D:1      | Reached skill level 5 in Polearms
   450 | D:1      | Found a faded altar of an unknown god.
   754 | D:1      | scroll past statue
  1041 | D:2      | Reached XP level 3. HP: 29/29 MP: 3/3
  1095 | D:2      | Reached ** piety under Trog
  1103 | D:2      | Noticed Natasha
  1117 | D:2      | Killed Natasha
  1351 | D:2      | Reached XP level 4. HP: 35/37 MP: 4/4
  1592 | D:2      | Reached skill level 6 in Polearms
  1981 | D:2      | Noticed Natasha
  1988 | D:2      | Killed Natasha
  1989 | D:2      | Reached XP level 5. HP: 42/42 MP: 5/5
  2142 | D:2      | Noticed Natasha
  2148 | D:2      | Killed Natasha
  2328 | D:3      | Found a sacrificial altar of Ru.
  2382 | D:3      | Reached skill level 7 in Polearms
  2831 | D:3      | Noticed an ogre
  2844 | D:3      | Killed an ogre
  2845 | D:3      | Reached XP level 6. HP: 49/49 MP: 6/6
  2846 | D:3      | Reached *** piety under Trog
  2902 | D:3      | Found a bloodstained altar of Trog.
  2945 | D:3      | Found a burning altar of Makhleb.
  3160 | D:5      | Entered Level 5 of the Dungeon
  3175 | D:4      | Found a sparkling altar of Nemelex Xobeh.
  3382 | D:4      | Noticed Edmund
  3392 | D:4      | Killed Edmund
  3393 | D:4      | Reached skill level 5 in Fighting
  3393 | D:4      | Reached skill level 8 in Polearms
  3434 | D:4      | Noticed a black bear
  3450 | D:4      | Killed a black bear
  3451 | D:4      | Reached XP level 7. HP: 56/56 MP: 7/7
  3557 | D:4      | Reached skill level 9 in Polearms
  3628 | D:4      | Found a hazy altar of Hepliaklqana.
  3674 | D:4      | Reached **** piety under Trog
  3823 | D:4      | Found a hide-covered altar of Uskayaw.
  3865 | D:4      | Found Edo Ism's Assorted Antiques.
  3881 | D:4      | Bought a brown potion for 22 gold pieces
  3972 | D:4      | Found a runed translucent gate.
  3974 | D:4      | Found a runed translucent gate.
  3974 | D:4      | Found an opulent altar of Gozag.
  3976 | D:4      | Found a runed translucent gate.
  3976 | D:4      | Noticed Spaninq's ghost (amateur MfWr)
  4055 | D:4      | Found a staircase to the Ecumenical Temple.
  4556 | D:5      | Found a shadowy altar of Dithmenos.
  4746 | D:4      | Bought a transparent chain mail for 237 gold pieces
  4746 | D:4      | Identified the +1 chain mail of Lethargy {rC- Will++ Str+3
                  | Dex-3} (You bought it in a shop on level 4 of the Dungeon)
  4904 | D:5      | Reached XP level 8. HP: 64/64 MP: 8/8
  4927 | D:5      | Reached skill level 10 in Polearms
  5713 | D:6      | Found a glowing silver altar of Zin.
  5961 | D:6      | Reached skill level 11 in Polearms
  5996 | D:6      | Noticed a komodo dragon
  6005 | D:6      | Killed a komodo dragon
  6456 | D:7      | You fall into a shaft and drop 3 floors!
  6456 | D:10     | Entered Level 10 of the Dungeon
  6457 | D:10     | Found a staircase to the Lair.
  6468 | D:9      | Noticed a wyvern
  6485 | D:9      | Killed a wyvern
  6486 | D:9      | Reached skill level 12 in Polearms
  6487 | D:9      | Reached XP level 9. HP: 25/69 MP: 9/9
  6742 | D:9      | Noticed Maurice
  6755 | D:9      | Killed Maurice
  6756 | D:9      | You fall into a shaft and drop 2 floors!
  6762 | D:10     | Reached skill level 13 in Polearms
  6784 | D:10     | Reached skill level 5 in Armour
  7317 | D:10     | Reached skill level 14 in Polearms
  7437 | D:10     | Noticed a two-headed ogre
  7452 | D:10     | Killed a two-headed ogre
  7453 | D:10     | Reached XP level 10. HP: 76/76 MP: 10/10
  7592 | D:10     | Found a staircase to the Orcish Mines.
  7676 | D:10     | Noticed a centaur warrior
  7688 | D:10     | Killed a centaur warrior
  7689 | D:10     | Reached skill level 15 in Polearms
  8019 | D:10     | Reached skill level 16 in Polearms
  8405 | D:9      | Noticed a two-headed ogre
  8426 | D:9      | Killed a two-headed ogre
  8609 | D:9      | Reached skill level 17 in Polearms
  8971 | D:9      | Found Unass's Antique Armour Shop.
  8974 | D:9      | Bought a pair of runed gloves for 195 gold pieces
  9080 | D:9      | Reached skill level 18 in Polearms
  9523 | D:8      | Noticed a tengu warrior
  9535 | D:8      | Killed a tengu warrior
  9536 | D:8      | Reached XP level 11. HP: 81/81 MP: 11/11
  9696 | D:8      | Found a stormy altar of Qazlal.
  9877 | D:8      | Found a radiant altar of Vehumet.
 10337 | D:7      | Reached skill level 1 in Evocations
 10818 | D:7      | Noticed Joseph
 10834 | D:7      | Killed Joseph
 11363 | D:9      | Identified a scroll of acquirement
 11363 | D:9      | Acquired 1191 gold pieces
 11394 | D:9      | Bought the +2 ratskin cloak {*Rats rPois rN+ Str-1 Int-1
                  | Dex+1} for 722 gold pieces
 11394 | D:9      | Found the +2 ratskin cloak {*Rats rPois rN+ Str-1 Int-1
                  | Dex+1}
 11551 | D:4      | Killed Spaninq's ghost
 11716 | D:9      | Bought a polished plate armour for 728 gold pieces
 11716 | D:9      | Identified the +3 plate armour of Free Will {rN+} (You
                  | bought it in a shop on level 9 of the Dungeon)
 12177 | D:11     | Reached ***** piety under Trog
 12409 | D:11     | Noticed a two-headed ogre
 12422 | D:11     | Reached skill level 19 in Polearms
 12422 | D:11     | Reached skill level 5 in Dodging
 12427 | D:11     | Killed a two-headed ogre
 12555 | D:11     | Noticed a manticore
 12575 | D:11     | Killed a manticore
 12799 | D:11     | Noticed a two-headed ogre
 12807 | D:11     | Killed a two-headed ogre
 13111 | Lair:1   | Entered Level 1 of the Lair of Beasts
 13164 | Lair:1   | Noticed a four-headed hydra
 13174 | Lair:1   | Killed a four-headed hydra
 13175 | Lair:1   | Reached skill level 5 in Evocations
 13263 | Lair:1   | Reached XP level 12. HP: 76/88 MP: 12/12
 13431 | Lair:1   | Reached skill level 20 in Polearms
 13508 | Lair:1   | Reached skill level 1 in Throwing
 14054 | Lair:1   | Received a gift from Trog
 14483 | Lair:1   | Identified the +9 rapier "Zoshevvi" {venom, Int+2}
 14925 | D:4      | Bought a bronze ring for 125 gold pieces
 15406 | Lair:2   | Reached skill level 10 in Fighting
 15408 | Lair:2   | Reached skill level 5 in Throwing
 16108 | Lair:3   | Reached XP level 13. HP: 104/104 MP: 13/13
 16215 | Lair:3   | You fall into a shaft and drop 1 floor!
 16291 | Lair:3   | Found a staircase to the Shoals.
 16462 | Lair:3   | Found a staircase to the Snake Pit.
 18096 | Lair:4   | Identified the +3 glaive of the Secret Allies {vorpal,
                  | rElec Str+2} (Trog gifted it to you on level 4 of the Lair
                  | of Beasts)
 18096 | Lair:4   | Received a gift from Trog
 18815 | Lair:5   | Paralysed by a floating eye for 4 turns
 18827 | Lair:5   | Paralysed by a floating eye for 4 turns
 18839 | Lair:5   | Paralysed by a floating eye for 2 turns
 18847 | Lair:5   | Paralysed by a floating eye for 3 turns
 19294 | Lair:5   | Found a staircase to the Slime Pits.
 19797 | Lair:6   | Entered Level 6 of the Lair of Beasts
 19890 | Lair:6   | Reached XP level 14. HP: 115/115 MP: 14/14
 20589 | Lair:6   | Noticed Josephine
 20597 | Lair:6   | Killed Josephine
 21883 | Orc:1    | Entered Level 1 of the Orcish Mines
 21890 | Orc:1    | Noticed Sonja
 21891 | Orc:1    | Reached ****** piety under Trog
 21896 | Orc:1    | Killed Sonja
 21897 | Orc:1    | Reached skill level 10 in Throwing
 21909 | Orc:1    | Received a gift from Trog
 21913 | Orc:1    | Reached skill level 10 in Armour
 21938 | Orc:1    | Found a dark tunnel.
 21968 | Volcano  | Entered a volcano
 23080 | Orc:2    | Entered Level 2 of the Orcish Mines
 23080 | Orc:2    | Found a runed translucent door.
 23257 | Orc:2    | Received a gift from Trog
 23582 | Orc:2    | Reached XP level 15. HP: 120/120 MP: 15/15
 23940 | Orc:2    | Found a staircase to the Elven Halls.
 24497 | Orc:2    | Found Peyck's Magic Scroll Shoppe.
 24517 | Orc:2    | Found an ancient bone altar of Kikubaaqudgha.
 24550 | Orc:2    | Found Wegg's Antique Armour Shoppe.
 24564 | Orc:2    | Found Lic Icy's Book Emporium.
 24799 | Orc:2    | Found a radiant altar of Vehumet.
 24817 | Orc:2    | Found Unitasem's Distillery.
 25366 | D:12     | Received a gift from Trog
 25975 | D:13     | Found a glowing golden altar of the Shining One.
 27677 | D:14     | Found Fote's Distillery.
 28457 | D:14     | Received a gift from Trog
 28606 | D:14     | Identified the +7 long sword of the Evil Eye {elec, rF+ rC+
                  | Str+2}
 28715 | D:14     | Reached XP level 16. HP: 115/127 MP: 16/16
 28765 | D:14     | Found a gate to the Vaults.
 28931 | D:15     | Entered Level 15 of the Dungeon
 29508 | D:15     | Found a staircase to the Depths.
 29994 | D:15     | Noticed Jorgrun
 30007 | D:15     | Killed Jorgrun
 30029 | D:15     | Reached skill level 21 in Polearms
 30540 | Snake:1  | Entered Level 1 of the Snake Pit
 30644 | Snake:1  | Found a frozen archway.
 30757 | IceCv    | Entered an ice cave
 31706 | IceCv    | Received a gift from Trog
 32963 | IceCv    | Noticed an Ice Fiend
 32980 | IceCv    | Killed an Ice Fiend
 33770 | Snake:1  | Reached skill level 22 in Polearms
 34266 | Snake:1  | You fall into a shaft and drop 1 floor!
 34272 | Snake:2  | Noticed Kirke
 34281 | Snake:2  | Killed Kirke
 34282 | Snake:2  | Reached skill level 10 in Dodging
 34332 | Snake:2  | Reached XP level 17. HP: 120/137 MP: 12/17
 36236 | Snake:3  | Received a gift from Trog
 36609 | Snake:3  | Reached skill level 23 in Polearms
 37857 | Snake:3  | Upgraded the game from 0.27-a0-1548-gf8a67e7463 to
                  | 0.27-a0-1555-g0e7b3fb1d2
 37962 | Shoals:1 | Entered Level 1 of the Shoals
 38650 | Shoals:1 | Received a gift from Trog
 38652 | Shoals:1 | Reached skill level 24 in Polearms
 38861 | Shoals:1 | Noticed Donald
 38872 | Shoals:1 | Killed Donald
 39344 | Shoals:1 | Noticed Nikola
 39359 | Shoals:1 | Killed from afar by Nikola

Illustrated notes

#######
.......#######
#†......##
#####.@...#
#.....8#8.#
#.###.#?#.#
#.8#8.####
#.........
#.#.####.#.####
.........>..#
#.#.##.#..#.##
#.#.....#


Turn 754 on D:1: scroll past statue

Levels and vault maps discovered:
D:1:      minmay_arrival_solitary_statue, layout_basic,
          hellmonk_ecumenical_altar_crossroads, roderic_roman_lattice,
          minmay_statues_item, minivault_26
D:2:      layout_rooms, minmay_split_cup_large, uniq_natasha
D:3:      kb_forest_paths, layout_rooms, mainiacjoe_overflow_surrounded_room,
          trog_three_pillars_becter, nicolae_overflow_crystal_walls
D:4:      layout_loops_ring, nemelex_spade_bored_becter,
          mainiacjoe_overflow_brackets, kennysheep_mini_moat,
          minmay_temple_entry_mist, ebering_ghost_gozag, serial_shops,
          nicolae_shop_overgrown_old_shop, uniq_edmund
D:5:      layout_loops_cross, nicolae_dithmenos_shadow_blocks
D:6:      layout_basic, mainiacjoe_overflow_boulevard
D:7:      layout_rooms, serial_aquarium, aquarium_bridge_long_joined
          [aquarium_subvault_wall, aquarium_subvault_bridge,
          aquarium_subvault_wall, aquarium_subvault_balcony,
          aquarium_subvault_bridge, aquarium_subvault_wall], aquarium_window_1,
          aquarium_window_2, aquarium_window_corridor_3, aquarium_window_1,
          aquarium_view_2c, aquarium_pool_1, uniq_joseph
D:8:      layout_loops_corners, grunt_qazlal_sundering,
          nicolae_vehumet_altar_sigil
D:9:      layout_cave_pools, serial_shops, nicolae_shop_behind_doors,
          uniq_maurice
D:10:     layout_cave_pods, erik_lair_orcish_takeover, orc_0_dummy
D:11:     layout_stronghold
D:12:     layout_roguey
D:13:     layout_irregular_city, nicolae_tso_carved_into_rock
D:14:     layout_loops_corners, hangedman_vaults_entry_quadrant_bands,
          serial_shops, shop_statue, nrook_mini_backslash, laboratory
D:15:     grunt_enter_depths_giant_problem, layout_long_grid, serial_bayou,
          serial_bayou_pond_a, serial_bayou_shore_b, serial_bayou_pond_e,
          serial_bayou_crossing, uniq_jorgrun
Lair:1:   layout_regular_city, beast_lair_carwin_6, grunt_megastairs_4
Lair:2:   layout_regular_city, grunt_megastairs_1
Lair:3:   layout_big_grid, elwin_shoals_entry_rocks,
          minmay_snake_entry_guardpost_small, minivault_11
Lair:4:   layout_cave_pods, lemuel_fruit_tree
Lair:5:   layout_hall_layers, nicolae_slime_entry_slimehenge, disabler_island
Lair:6:   grunt_lair_end_beastmaster, layout_cellular_growth,
          grunt_megastairs_2, uniq_josephine
Shoals:1: layout_shoals, uniq_nikola, uniq_donald
Snake:1:  cheibrodos_snake_ritualist_ritual, layout_gridlike,
          portal_ice_cave_entry_ice_statue_two, serial_bayou_shore_b
Snake:2:  layout_basic, nicolae_snake_springs, uniq_kirke
Snake:3:  layout_grid_shapes
Orc:1:    layout_caves, enter_volcano_3, uniq_sonja
Orc:2:    kennysheep_orc_mage_school, layout_caves, nicolae_orc_stony_grotto,
          lightli_church_of_beogh

Skill      XL: |  1  2  3  4  5  6  7  8  9 10 11 12 13 14 15 16 17 |
---------------+----------------------------------------------------+-----
Polearms       | 5 6 7 8 9 12 14 18 19 20 22 24 | 24.6
Armour         | 2 3 4 5 6 8 10 12 | 12.0
Fighting       | 4 5 6 10 12 13 14 | 14.0
Dodging        | 6 10 | 10.5
Evocations     | 5 6 |  6.0
Throwing       | 5 8 10 12 | 12.0

Action                   |  1- 3 |  4- 6 |  7- 9 | 10-12 | 13-15 | 16-18 || total
-------------------------+-------+-------+-------+-------+-------+-------++-------
Melee: Spear             |    88 |   188 |   148 |       |       |       ||   424
       Trident           |       |       |   192 |   361 |       |       ||   553
       Halberd           |       |       |       |   145 |     9 |    10 ||   164
       Glaive            |       |       |       |   106 |  1118 |   629 ||  1853
       Tailslap          |       |       |       |     3 |       |     7 ||    10
       Bardiche          |       |       |       |       |       |    92 ||    92
Throw: Dart              |       |       |    14 |    25 |    14 |       ||    53
       Boomerang         |       |       |       |       |       |    11 ||    11
       Javelin           |       |       |       |       |       |     3 ||     3
Invok: Berserk           |     1 |     6 |     8 |    18 |    20 |    17 ||    70
       Trog's Hand       |       |       |     1 |     1 |     7 |    11 ||    20
       Brothers in Arms  |       |       |     1 |     1 |     2 |     7 ||    11
Evoke: Wand              |       |       |       |     2 |       |       ||     2
  Use: Scroll            |       |     6 |    11 |    11 |     6 |     1 ||    35
       Potion            |       |       |       |       |       |     2 ||     2
 Stab: Distracted        |       |       |       |       |     1 |     3 ||     4
Armor: Animal skin       |     5 |       |       |       |       |       ||     5
       Plate armour      |    20 |    45 |   118 |   274 |   483 |   298 ||  1238
       Ring mail         |     4 |       |       |       |       |       ||     4
       Chain mail        |       |       |       |       |    20 |       ||    20
Dodge: Dodged            |    16 |    27 |    53 |   150 |   287 |   276 ||   809

Table legend: (Time is in decaauts)
 A = Elapsed time spent in this place.
 B = Non-inter-level travel time spent in this place.
 C = Inter-level travel time spent in this place.
 D = Time resting spent in this place.
 E = Time spent auto-exploring this place.
 F = Levels seen in this place.
 G = Mean time per level.
                   A        B        C        D        E       F      G
               +--------+--------+--------+--------+--------+-----+--------+
         Total |  38951 |  36215 |   2736 |   7015 |  24074 |  29 | 1343.1 |
       Dungeon |  19032 |  17470 |   1562 |   2689 |  12786 |  15 | 1268.8 |
          Lair |   8815 |   8194 |    621 |   1618 |   5511 |   6 | 1469.2 |
        Shoals |    819 |    809 |     10 |    236 |    337 |   1 |  819.0 |
     Snake Pit |   4816 |   4420 |    396 |    492 |   3368 |   3 | 1605.3 |
  Orcish Mines |   2348 |   2203 |    145 |    223 |   1442 |   2 | 1174.0 |
      Ice Cave |   2612 |   2612 |      0 |   1398 |    628 |   1 | 2612.0 |
       Volcano |    507 |    507 |      0 |    355 |      0 |   1 |  507.0 |
               +--------+--------+--------+--------+--------+-----+--------+

Top non-repeatable levels by time:
   IceCv: 2612 daAuts
    D:14: 2367 daAuts
    D:10: 2018 daAuts
 Snake:2: 1981 daAuts
 Snake:1: 1843 daAuts
  Lair:6: 1807 daAuts
  Lair:1: 1675 daAuts
  Lair:5: 1625 daAuts
  Lair:4: 1557 daAuts
     D:9: 1478 daAuts
   Orc:2: 1394 daAuts
     D:4: 1317 daAuts
     D:2: 1252 daAuts
     D:5: 1198 daAuts
     D:7: 1157 daAuts
